 Dungeon Crawl Stone Soup version 0.20.1-1-g8b1a95d (webtiles) character file.

287 raph the Carver (level 6, -2/50 HPs)
             Began as a Minotaur Gladiator on Sept 24, 2017.
             Was an Initiate of Ashenzari.
             Slain by an ogre
             ... wielding a +0 giant club
              (20 damage)
             ... on level 4 of the Dungeon.
             The game lasted 00:06:27 (2659 turns).

raph the Carver (Minotaur Gladiator)                Turns: 2659, Time: 00:06:28

Health: -2/50      AC:  3    Str: 19    XL:     6   Next: 8%
Magic:  5/5        EV: 13    Int:  5    God:    Ashenzari [......]
Gold:   105        SH:  0    Dex: 13    Spells: 5/5 levels left

rFire    . . .     SeeInvis .   n - +7 long sword (venom) (curse)
rCold    . . .     Gourm    .   (no shield)
rNeg     . . .     Faith    .   b - +0 leather armour
rPois    .         Spirit   .   c - +0 hat
rElec    .         Reflect  .   (no cloak)
rCorr    .         Harm     .   (no gloves)
MR       .....                  (no boots)
Stlth    +.........             (no amulet)
Regen    0.2/turn               (no ring)
MPRegen  0.1/turn               (no ring)

@: no status effects
A: retaliatory headbutt, horns 2
a: Curse Item, Renounce Religion


You were on level 4 of the Dungeon.
You worshipped Ashenzari.
Ashenzari was noncommittal.
You were hungry.

You visited 1 branch of the dungeon, and saw 4 of its levels.

You collected 105 gold pieces.

Inventory:

Hand Weapons
 a - a +0 long sword
 n - a cursed +7 long sword of venom (weapon)
Missiles
 d - 3 throwing nets (quivered)
Armour
 b - a +0 leather armour (worn)
 c - a +0 hat (worn)
Scrolls
 e - 2 scrolls of teleportation {unknown}
 h - 2 scrolls of amnesia {unknown}
 m - a scroll of fog {unknown}
 u - a scroll of identify {unknown}
 w - a scroll of enchant weapon {unknown}
Potions
 g - a potion of magic {unknown}
 i - 3 potions of berserk rage {unknown}
 j - 2 potions of lignification {unknown}
 k - a potion of cancellation {unknown}
 l - a potion of haste {unknown}
 p - 2 potions of curing {unknown}
 q - a potion of invisibility {unknown}
 t - a potion of resistance {unknown}
 x - a potion of mutation {unknown}
Books
 s - a book of Callings

   Spells                             Type                      Level
   a - Summon Small Mammal            Summoning                    1
   b - Call Imp                       Summoning                    2
   c - Call Canine Familiar           Summoning                    3
   d - Summon Guardian Golem          Hexes/Summoning              3
   e - Summon Lightning Spire         Summoning/Air                4
   f - Summon Ice Beast               Ice/Summoning                4
 y - a book of Minor Magic

   Spells                             Type                      Level
   a - Magic Dart                     Conjuration                  1
   b - Blink                          Translocation                2
   c - Call Imp                       Summoning                    2
   d - Slow                           Hexes                        2
   e - Conjure Flame                  Conjuration/Fire             3
   f - Mephitic Cloud                 Conjuration/Poison/Air       3
Comestibles
 f - 2 bread rations
 o - 2 meat rations
 r - 2 royal jellies
 v - 3 chunks of flesh


   Skills:
 - Level 2.4 Fighting
 * Level 8.3 Long Blades
 - Level 2.0 Throwing
 - Level 3.2 Dodging


You had 5 spell levels left.
You didn't know any spells.

Dungeon Overview and Level Annotations

Branches:
Dungeon (4/15)
 Temple: D:4-7

Altars:
Ashenzari
Cheibriados
Fedhas
Nemelex Xobeh
Qazlal
Trog
Vehumet
Zin


Innate Abilities, Weirdness & Mutations

You reflexively headbutt those who attack you in melee.
You have a pair of horns on your head.


Message History

You slash the gnoll!
The gnoll is almost dead.
The gnoll closely misses you. You furiously retaliate!
You headbutt the gnoll. The gnoll closely misses you. You furiously retaliate!
You headbutt the gnoll!
You kill the gnoll!
You have reached level 6!
Your experience leads to an increase in your attributes!
Increase (S)trength, (I)ntelligence, or (D)exterity?
You feel agile. The gnoll hits you with a halberd!
You barely miss the gnoll.
The gnoll is almost dead.
The gnoll hits you. The gnoll misses you.
You slash the gnoll!
You kill the gnoll!
The gnoll barely misses you.
You slash the gnoll!
You kill the gnoll!
The ogre hits you with a giant club!!
You die...

#....# #######.# ## #....#
#.......# #....# #.......##+#
#....# #.....(..... #<...#
#........... #....#
#...........
#....######...........
########.............###..##.
#......#....@........###.....
#......###..O.............#..
#......###..g..........###...
......†................#⌠.##'
......)......................
#.....†###..........#####...[
#...... ##########.#...#....
#...... #.......#...+..._
#...... #...........#....


You could see an ogre and a gnoll.

Vanquished Creatures
  Blork the orc (D:4)
  Jessica (D:2)
  Terence (D:3)
  3 gnolls (D:4)
  5 adders
  An ooze (D:4)
  2 dart slugs
  5 leopard geckos
  A ball python (D:1)
  7 bats
  6 giant cockroaches
  10 goblins
  7 hobgoblins
  10 jackals
  9 kobolds
  2 frilled lizards (D:2)
  10 rats
81 creatures vanquished.

Notes
Turn   | Place    | Note
-------+----------+-------------------------------------------
     0 | D:1      | raph the Minotaur Gladiator began the quest for the Orb.
     0 | D:1      | Reached XP level 1. HP: 18/18 MP: 0/0
   111 | D:1      | Reached skill level 4 in Long Blades
   132 | D:1      | Reached XP level 2. HP: 25/25 MP: 1/1
   646 | D:1      | Reached skill level 5 in Long Blades
   761 | D:1      | Reached XP level 3. HP: 25/30 MP: 2/2
   908 | D:2      | Found a sparkling altar of Nemelex Xobeh.
  1008 | D:2      | Noticed Jessica
  1015 | D:2      | Killed Jessica
  1015 | D:2      | Reached XP level 4. HP: 26/37 MP: 3/3
  1015 | D:2      | Reached skill level 6 in Long Blades
  1092 | D:2      | Found a snail-covered altar of Cheibriados.
  1092 | D:2      | Found a bloodstained altar of Trog.
  1092 | D:2      | Found a radiant altar of Vehumet.
  1674 | D:3      | Noticed Terence
  1681 | D:3      | Killed Terence
  1958 | D:3      | Reached XP level 5. HP: 42/42 MP: 4/4
  1969 | D:3      | Reached skill level 7 in Long Blades
  2391 | D:4      | Found a shattered altar of Ashenzari.
  2391 | D:4      | Noticed Blork the orc
  2400 | D:4      | Killed Blork the orc
  2462 | D:4      | Became a worshipper of Ashenzari the Shackled
  2487 | D:4      | Found a blossoming altar of Fedhas.
  2489 | D:4      | Reached skill level 8 in Long Blades
  2492 | D:4      | Found a glowing silver altar of Zin.
  2497 | D:4      | Found a stormy altar of Qazlal.
  2647 | D:4      | Noticed an ogre
  2648 | D:4      | Reached XP level 6. HP: 32/50 MP: 5/5
  2659 | D:4      | Slain by an ogre

Skill      XL: |  1  2  3  4  5 |
---------------+----------------+-----
Long Blades    | 4 5 6 8 |  8.3
Fighting       | |  2.4
Throwing       | |  2.0
Dodging        | |  3.2

Action                   |  1- 3 |  4- 6 || total
-------------------------+-------+-------++-------
Melee: Long sword        |    49 |    76 ||   125
       Headbutt          |     9 |    14 ||    23
Throw: Throwing net      |       |     1 ||     1
Invok: Curse Item        |       |     1 ||     1
 Stab: Held in net/web   |       |     2 ||     2
  Eat: Chunk             |       |     5 ||     5
Armor: Leather armour    |    12 |    11 ||    23
Dodge: Dodged            |    44 |    56 ||   100
       Rpst.: Long sword |    11 |    10 ||    21
